 Dungeon Crawl Stone Soup version 0.28.0-43-g3370ac3207 (webtiles) character file.

Game seed: 11022539327885809044

28329 bnorton916 the Destroyer (level 13, -7/96 HPs)
             Began as a Barachi Ice Elementalist on Mar 14, 2022.
             Was a High Priest of Cheibriados.
             Mangled by a death yak (11 damage)
             ... on level 4 of the Lair of Beasts.
             The game lasted 01:02:28 (25524 turns).

bnorton916 the Destroyer (BaIE)                    Turns: 25524, Time: 01:02:28

Health: -7/96      AC: 23    Str: 24    XL:     13   Next: 38%
Magic:  4/26       EV: 18    Int: 33    God:    Cheibriados [*****.]
Gold:   607        SH:  7    Dex: 31    Spells: 6/31 levels left

rFire   . . .      SeeInvis .   h - +0 whip (elec)
rCold   + . .      Faith    .   o - +0 buckler
rNeg    . . .      Spirit   .   y - +2 robe {rC+}
rPois   .          Reflect  .   f - +0 helmet
rElec   .          Harm     .   (no cloak)
rCorr   .          Rampage  .   K - +0 pair of gloves
Will    .....                   m - +2 pair of boots
Stlth   +++.......              (no amulet)
HPRegen 0.26/turn               w - +4 ring of protection
MPRegen 0.20/turn               l - +6 ring of dexterity

@: ice-armoured, about to teleport, very slow
A: amphibious, slowness 1, strong legs 2, +LOS
a: Hop, Renounce Religion, Bend Time, Temporal Distortion, Slouch, Step From
Time


You were on level 4 of the Lair of Beasts.
You worshipped Cheibriados.
Cheibriados was extremely pleased with you.
You visited 3 branches of the dungeon, and saw 15 of its levels.
You also visited: Sewer and Ossuary.

You collected 1083 gold pieces.
You spent 476 gold pieces at shops.

Inventory:

Hand Weapons
 h - a +0 whip of electrocution (weapon)
 L - a +0 glaive of flaming
Missiles
 g - 538 stones (quivered)
 j - 5 throwing nets
 I - a curare-tipped dart
 Y - 2 silver javelins
Armour
 f - a +0 helmet (worn)
 m - a +2 pair of boots (worn)
 o - a +0 buckler (worn)
 v - the +1 robe of the Bagpipe {rN+++ Int-3 Dex+2 SInv}
   (You bought it in a shop on level 5 of the Dungeon)

   Int:       It affects your intelligence (-3).
   Dex:       It affects your dexterity (+2).
   rN:        It renders you almost immune to negative energy.
   SInv:      It lets you see invisible.
 y - a +2 robe of cold resistance (worn)
 K - a +0 pair of gloves (worn)
 M - a +0 crystal plate armour
Magical Staves
 J - a staff of cold
 X - a staff of conjuration
Jewellery
 e - a ring of willpower
 l - a +6 ring of dexterity (right hand)
 t - a ring of fire
 w - a +4 ring of protection (left hand)
 H - a ring of protection from fire
 R - a ring of see invisible
Wands
 G - a wand of digging (3)
 P - a wand of flame (5)
 W - a wand of iceblast (14)
 Z - a wand of mindburst (10)
Scrolls
 k - a scroll of enchant armour {unknown}
 n - 2 scrolls of blinking
 p - a scroll of acquirement {unknown}
 q - a scroll of brand weapon
 r - 3 scrolls of fear {unknown}
 s - 4 scrolls of fog
 A - 2 scrolls of immolation
 B - 3 scrolls of teleportation
 C - 4 scrolls of amnesia
 D - a scroll of magic mapping
 F - a scroll of vulnerability {unknown}
 Q - a scroll of enchant weapon
Potions
 a - 2 potions of ambrosia
 b - 2 potions of berserk rage
 c - 7 potions of curing
 d - 2 potions of brilliance
 i - 6 potions of attraction
 u - a potion of cancellation
 x - 4 potions of mutation
 z - a potion of heal wounds
 E - a potion of magic
 N - a potion of flight {unknown}
 O - a potion of resistance
 V - a potion of might
Miscellaneous
 S - a box of beasts
 U - a box of beasts


   Skills:
 - Level 7.1 Fighting
 - Level 4.0 Armour
 - Level 5.9 Dodging
 - Level 1.7 Stealth
 - Level 4.0 Shields
 - Level 9.6 Spellcasting
 - Level 10.1 Conjurations
 - Level 6.1 Hexes
 - Level 6.9 Summonings
 - Level 6.1 Translocations
 - Level 7.0 Ice Magic
 - Level 4.0 Air Magic
 + Level 10.0 Invocations


You had 6 spell levels left.
You knew the following spells:

 Your Spells              Type           Power      Damage    Failure   Level
a - Freeze                Ice            100%       1d11      1%          1
b - Frozen Ramparts       Ice            100%       1d12      1%          3
c - Ozocubu's Armour      Ice            58%        N/A       1%          3
d - Call Canine Familiar  Summ           58%        N/A       1%          3
e - Summon Guardian Gole  Hex/Summ       56%        N/A       1%          3
f - Summon Lightning Spi  Summ/Air       51%        N/A       4%          4
g - Iskenderun's Mystic   Conj/Tloc      63%        2d13      1%          4
h - Fulminant Prism       Conj/Hex       31%        3d16      1%          4

Your spell library contained the following spells:

 Spells                   Type           Power      Damage    Failure   Level
 Summon Small Mammal      Summ           100%       N/A       1%          1
 Confusing Touch          Hex            54%        N/A       1%          3
 Dazzling Flash           Conj/Hex       100%       N/A       1%          3
 Gell's Gravitas          Tloc           54%        N/A       1%          3
 Lesser Beckoning         Tloc           54%        N/A       1%          3
 Portal Projectile        Hex/Tloc       100%       N/A       1%          3
 Teleport Other           Tloc           54%        N/A       1%          3
 Hailstorm                Conj/Ice       64%        3d14      1%          4
 Corpse Rot               Necr/Air       58%        N/A       2%          2
 Poisonous Vapours        Pois/Air       58%        N/A       2%          2
 Inner Flame              Hex/Fire       36%        N/A       3%          3
 Cause Fear               Hex            27%        N/A       3%          4
 Lightning Bolt           Conj/Air       29%        1d45      6%          5
 Airstrike                Air            21%        N/A       8%          4
 Leda's Liquefaction      Hex/Erth       18%        N/A       11%         4
 Silence                  Hex/Air        24%        N/A       13%         5
 Yara's Violent Unravell  Hex/Tmut       18%        3d9       30%         5
 Agony                    Necr           15%        N/A       71%         5
 Lee's Rapid Deconstruct  Erth           7%         3d8*      71%         5
 Enfeeble                 Hex            27%        N/A       95%         7
 Discord                  Hex            27%        N/A       100%        8
 Chain Lightning          Conj/Air       29%        3d38      100%        9
 Fire Storm               Conj/Fire      24%        8d6       100%        9
 Shatter                  Erth           7%         3d10*     100%        9


Dungeon Overview and Level Annotations

Branches:
Dungeon (10/15)            Temple (1/1) D:6            Lair (4/6) D:9
  Swamp (0/4) Lair:2       Spider (0/4) Lair:2        Sewer (visited)
Ossuary (visited)
    Orc: D:9-12

Altars:
Ashenzari
Cheibriados
Dithmenos
Elyvilon
Fedhas
Gozag
Hepliaklqana
Kikubaaqudgha
Makhleb
Nemelex Xobeh
Okawaru
Qazlal
Ru
Sif Muna
Trog
Uskayaw
Vehumet
Wu Jian
Xom
Yredelemnul
Zin
The Shining One
Beogh

Shops:
D:5 [   D:7 *   D:10 (

Annotations:
D:8 3 runed translucent doors, pkoi's ghost, novice DrAE


Innate Abilities, Weirdness & Mutations

You are amphibious.
You cover ground slowly.
You can hop long distances.
You have an extended range of vision and can be seen from far away.


Message History

You hit the death yak but do no damage.
The death yak is severely wounded.
The death yak gores you! You block the death yak's attack.
The death yak closely misses you.
Unknown command.
You hit the death yak but do no damage.
The death yak is severely wounded.
The death yak gores you but does no damage.
You block the death yak's attack.
Unknown command.
You hit the death yak.
The death yak is severely wounded.
The death yak gores you but does no damage.
The death yak gores you!
Unknown command.
You barely miss the death yak.
The death yak is severely wounded.
You block the death yak's attack. The death yak completely misses you.
Unknown command.
You whack the death yak!
The death yak is almost dead.
You block the death yak's attack. The death yak gores you!
Unknown command.
You hit the death yak.
The death yak is almost dead.
The death yak closely misses you.
The death yak gores you but does no damage.
Unknown command.
You whack the death yak!
The death yak is almost dead.
The death yak closely misses you. The death yak gores you!!
* * * LOW HITPOINT WARNING * * *
The death yak closely misses you.
Unknown command.
Okay, then.
As you read the scroll of teleportation, it crumbles to dust.
You feel strangely unstable. The death yak gores you!
* * * LOW HITPOINT WARNING * * *
The death yak gores you!
You die...

##### ## ##...###. ##
#P.....## .... ######
###........
......#Y#..####.#......P.
#.YY@................
#..Y##..P.............
### ##..PPP.........#.
#...PPP...........
#...P.#P..#.......
#.....##..........
##......#.....)....
#.................. .##
##.................


You could see 4 death yaks.

Vanquished Creatures
  Gastronok (D:8)
  A rakshasa (D:10)
  Harold (Lair:1)
  3 hydras (Lair:2)
  2 death yaks (Lair:4)
  2 two-headed ogres
  5 elephants
  3 black mambas
  7 cane toads
  13 komodo dragons
  A rime drake (Lair:3)
  3 polar bears (Lair:2)
  Prince Ribbit (D:7)
  5 blink frogs (Lair:2)
  2 hornets
  A wyvern (Lair:4)
  22 yaks
  3 basilisks
  2 redbacks (Lair:2)
  11 water moccasins
  2 ice beasts
  A hornet zombie (D:8)
  4 orc warriors
  A sky beast (D:7)
  A necrophage (D:7)
  2 ogres (D:5)
  7 wolves (Lair:1)
  5 centaurs
  2 kobold brigands
  6 bullfrogs
  A gnoll sergeant (D:10)
  5 scorpions
  A water moccasin zombie (D:6)
  3 wights (D:7)
  8 killer bees
  A howler monkey (D:8)
  3 centaur zombies
  3 hounds
  A jelly (D:5)
  2 orc priests
  2 iguanas
  6 orc wizards
  A scorpion zombie (D:5)
  A hound zombie (D:5)
  2 mummies (Ossuary)
  6 gnolls
  9 adders
  An adder zombie (D:5)
  4 worms
  3 dart slugs
  25 orcs
  10 bats
  5 endoplasms
  A giant cockroach (D:3)
  A gnoll zombie (Ossuary)
  2 hobgoblins
  15 kobolds
  3 quokkas
  6 ball pythons
  6 frilled lizards
  3 gnoll skeletons (Ossuary)
  4 goblins
  A goblin skeleton (Ossuary)
  A kobold skeleton (Ossuary)
  2 kobold zombies (Ossuary)
  An orc skeleton (Ossuary)
  3 orc zombies (Ossuary)
  23 rats
  A rat zombie (Ossuary)
  A butterfly (Lair:3)
297 creatures vanquished.

Vanquished Creatures (collateral kills)
  A rime drake (Lair:2)
  A komodo dragon (Lair:1)
  A polar bear (Lair:1)
  4 yaks
  Menkaure (Ossuary)
  2 centaur skeletons (D:5)
  A gnoll (D:5)
  An adder (D:5)
  A white imp (D:7)
  2 orcs (D:6)
  2 gnoll zombies (Ossuary)
  5 gnoll skeletons (Ossuary)
  2 goblin skeletons (Ossuary)
  3 goblin zombies (Ossuary)
  2 hobgoblin skeletons (Ossuary)
  4 hobgoblin zombies (Ossuary)
  3 kobold skeletons (Ossuary)
  A kobold zombie (Ossuary)
  5 orc skeletons (Ossuary)
  2 orc zombies (Ossuary)
  2 rat skeletons (Ossuary)
  6 rat zombies (Ossuary)
52 creatures vanquished.

Vanquished Creatures (others)
  Fannar (Lair:3)
  A wight (D:7)
  A mummy (Ossuary)
  13 fulminant prisms
  22 fungi
  37 plants
75 creatures vanquished.

Grand Total: 424 creatures vanquished

Notes
Turn   | Place    | Note
-------+----------+-------------------------------------------
     0 | D:1      | bnorton916 the Barachi Ice Elementalist began the quest for
                  | the Orb.
     0 | D:1      | Reached XP level 1. HP: 13/13 MP: 3/3
   245 | D:1      | Reached skill level 5 in Ice Magic
   305 | D:1      | Reached XP level 2. HP: 19/19 MP: 3/5
   533 | D:1      | Found a faded altar of an unknown god.
   833 | D:2      | Found a basalt altar of Yredelemnul.
   841 | D:2      | Reached XP level 3. HP: 24/24 MP: 5/7
  1363 | D:2      | Learned a level 3 spell: Frozen Ramparts
  1881 | D:2      | Reached XP level 4. HP: 14/30 MP: 1/9
  2821 | D:2      | Learned a level 3 spell: Ozocubu's Armour
  2825 | D:2      | Learned a level 3 spell: Call Canine Familiar
  3107 | D:3      | Reached skill level 1 in Summonings
  3364 | D:3      | Reached XP level 5. HP: 34/35 MP: 6/10
  4416 | D:4      | Found a glowing drain.
  4429 | Sewer    | Entered a sewer
  5011 | Sewer    | Noticed a water moccasin
  5023 | Sewer    | Killed a water moccasin
  5024 | Sewer    | Reached XP level 6. HP: 14/41 MP: 3/12
  6184 | D:5      | Entered Level 5 of the Dungeon
  6184 | D:5      | Found Uvarulum's Antique Armour Boutique.
  6188 | D:5      | Bought a fabulously ornate robe for 176 gold pieces
  6188 | D:5      | Identified the +1 robe of the Bagpipe {rN+++ Int-3 Dex+2
                  | SInv} (You bought it in a shop on level 5 of the Dungeon)
  6224 | D:5      | Reached skill level 1 in Shields
  6224 | D:5      | Reached XP level 7. HP: 35/46 MP: 5/14
  6237 | D:5      | Reached skill level 5 in Spellcasting
  7353 | D:5      | Reached XP level 8. HP: 52/52 MP: 10/16
  7821 | D:5      | Reached skill level 5 in Summonings
  8235 | D:6      | Found a sand-covered staircase.
  8240 | Ossuary  | Entered an ossuary
  9184 | Ossuary  | Noticed Menkaure
  9190 | Ossuary  | Learned a level 3 spell: Summon Guardian Golem
  9210 | Ossuary  | Killed Menkaure
  9650 | D:6      | Reached skill level 5 in Dodging
 10354 | D:6      | Found a staircase to the Ecumenical Temple.
 10361 | Temple   | Entered the Ecumenical Temple
 10813 | Temple   | Became a worshipper of Cheibriados the Contemplative
 10883 | D:7      | Reached XP level 9. HP: 49/57 MP: 18/18
 10947 | D:7      | Noticed Prince Ribbit
 11105 | D:7      | Killed Prince Ribbit
 11920 | D:8      | Reached * piety under Cheibriados
 11942 | D:8      | Reached skill level 5 in Fighting
 12116 | D:8      | Learned a level 4 spell: Summon Lightning Spire
 12267 | D:8      | Reached skill level 1 in Air Magic
 12293 | D:8      | Found a runed translucent gate.
 12293 | D:8      | Found a runed translucent gate.
 12294 | D:8      | Found a runed translucent gate.
 12296 | D:8      | Noticed pkoi's ghost (novice DrAE)
 12386 | D:8      | Reached XP level 10. HP: 74/76 MP: 16/22
 12677 | D:8      | Noticed Gastronok
 12688 | D:8      | Killed Gastronok
 12980 | D:8      | Reached skill level 1 in Armour
 12983 | D:8      | Reached ** piety under Cheibriados
 13477 | D:9      | Identified the +9 flail "Egeor" {drain, Dex+2}
 13564 | D:9      | Noticed a two-headed ogre
 13575 | D:9      | Learned a level 4 spell: Iskenderun's Mystic Blast
 13592 | D:9      | Killed a two-headed ogre
 14198 | D:9      | Found a staircase to the Lair.
 14577 | D:10     | Entered Level 10 of the Dungeon
 14631 | D:10     | Noticed a rakshasa
 14639 | D:10     | Killed a rakshasa
 14640 | D:10     | Reached XP level 11. HP: 70/84 MP: 14/24
 14738 | D:10     | Found Anunooz's Antique Weapon Boutique.
 14985 | D:10     | Noticed a two-headed ogre
 14994 | D:10     | Killed a two-headed ogre
 14995 | D:10     | Reached skill level 5 in Translocations
 15305 | D:10     | Reached *** piety under Cheibriados
 15306 | D:10     | Reached skill level 5 in Hexes
 15784 | D:10     | Noticed a boulder beetle
 15922 | D:7      | Found a broken altar of Ashenzari.
 15938 | D:7      | Found Upsig's General Store.
 15969 | D:7      | Bought a scroll of noise for 15 gold pieces
 15969 | D:7      | Bought a potion of degeneration for 15 gold pieces
 16764 | D:7      | Bought a ring of see invisible for 225 gold pieces
 16764 | D:7      | Bought a scroll of teleportation for 45 gold pieces
 17077 | Lair:1   | Entered Level 1 of the Lair of Beasts
 17077 | Lair:1   | Noticed Harold
 17665 | Lair:1   | Learned a level 4 spell: Fulminant Prism
 17829 | Lair:1   | Reached skill level 1 in Conjurations
 18044 | Lair:1   | Killed Harold
 18081 | Lair:1   | Reached skill level 5 in Conjurations
 19173 | Lair:1   | Reached XP level 12. HP: 91/91 MP: 12/25
 19261 | Lair:1   | Reached **** piety under Cheibriados
 20314 | Lair:2   | Noticed a six-headed hydra
 20328 | Lair:2   | Killed a six-headed hydra
 20442 | Lair:2   | Reached skill level 10 in Conjurations
 20500 | Lair:2   | Reached skill level 1 in Invocations
 20608 | Lair:2   | Noticed a four-headed hydra
 20623 | Lair:2   | Killed a four-headed hydra
 20707 | Lair:2   | Noticed a seven-headed hydra
 20732 | Lair:2   | Found a staircase to the Swamp.
 20802 | Lair:2   | Killed a seven-headed hydra
 21309 | Lair:2   | Found a hole to the Spider Nest.
 21441 | Lair:2   | Reached skill level 5 in Invocations
 22497 | Lair:3   | Reached ***** piety under Cheibriados
 22607 | Lair:3   | Noticed Fannar
 22769 | Lair:3   | Killed Fannar
 22770 | Lair:3   | Gained mutation: You can hop long distances. [Barachi
                  | growth]
 22770 | Lair:3   | Reached XP level 13. HP: 70/96 MP: 16/26
 25503 | Lair:4   | Reached skill level 10 in Invocations
 25524 | Lair:4   | HP: 4/96 [death yak (17)]
 25524 | Lair:4   | Mangled by a death yak

Illustrated notes

Levels and vault maps discovered:
D:1:      lightli_iron_boxes, layout_loops_corners,
          chequers_ecumenical_altar_twisty
D:2:      layout_loops_corners, basic_altar
D:3:      layout_rooms, minmay_rat_hole
D:4:      layout_basic, cheibrodos_sewer_entry_bend
D:5:      layout_basic, serial_shops, nicolae_shop_hallway_stairs, minmay_bent
D:6:      layout_cave_pools, minmay_temple_entry_enclosed_plants,
          lightli_ossuary_entry_decrepit_ruins, hangedman_decor_opposing,
          minivault_26
D:7:      layout_basic, evilmike_ruin_ashenzari, serial_shops,
          nicolae_shop_stone, uniq_prince_ribbit1
D:8:      layout_loops_ring, biasface_ghost_orc_armoury, uniq_gastronok
D:9:      layout_roguey, grunt_lair_entry_orc_guard_hut, nicolae_sextant,
          chequers_serial_rivers_micro_b, minmay_misc_feat_iff
D:10:     minmay_wavy_crystal, layout_loops_corners, serial_shops, shop,
          st_stairs_11
Temple:   nicolae_temple_the_god_donut
Lair:1:   layout_loops_ring, serial_bayou_lagoon_a, beast_lair_carwin_7,
          infiniplex_staircase_pool, uniq_harold
Lair:2:   layout_small_grid, minmay_swamp_entry_reptiles,
          spider_nest_entry_webs, minmay_holes, lemuel_fruit_fields
Lair:3:   layout_hall_layers, wad_woods_road_01, grunt_megastairs_3, uniq_fannar
Lair:4:   layout_gridlike

Skill      XL: |  1  2  3  4  5  6  7  8  9 10 11 12 13 |
---------------+----------------------------------------+-----
Ice Magic      | 5 6 7 |  7.0
Spellcasting   | 3 4 5 6 8 9 |  9.6
Summonings     | 1 3 4 6 |  6.9
Shields        | 1 2 4 |  4.0
Dodging        | 3 5 |  5.9
Fighting       | 5 7 |  7.1
Air Magic      | 2 4 |  4.0
Armour         | 4 |  4.0
Hexes          | 4 6 |  6.1
Translocations | 4 6 |  6.1
Conjurations   | 7 10 | 10.1
Invocations    | 7 10 | 10.0
Stealth        | |  1.7

Action                   |  1- 3 |  4- 6 |  7- 9 | 10-12 | 13-15 || total
-------------------------+-------+-------+-------+-------+-------++-------
Melee: Whip              |    17 |    23 |   173 |   211 |    54 ||   478
       Punch             |       |       |     3 |       |       ||     3
Throw: Javelin           |    19 |     7 |     8 |       |       ||    34
       Stone             |     7 |     7 |    21 |    18 |     3 ||    56
 Cast: Freeze            |    26 |    14 |    17 |    69 |    19 ||   145
       Frozen Ramparts   |       |    24 |    32 |    63 |     9 ||   128
       Ozocubu's Armour  |       |     2 |    12 |    22 |     2 ||    38
       Call Canine Famil |       |       |    22 |     1 |     1 ||    24
       Summon Guardian G |       |       |     3 |     2 |       ||     5
       Summon Lightning  |       |       |       |     8 |     2 ||    10
       Iskenderun's Myst |       |       |       |    18 |    13 ||    31
       Fulminant Prism   |       |       |       |     4 |     9 ||    13
 Abil: Hop               |       |       |       |     1 |       ||     1
Evoke: Wand              |       |       |       |     8 |       ||     8
  Use: Scroll            |       |     3 |    10 |     5 |     3 ||    21
       Potion            |       |       |       |     1 |       ||     1
 Stab: Sleeping          |     1 |     1 |       |       |       ||     2
Armor: Robe              |     6 |    24 |   116 |   155 |    46 ||   347
Dodge: Dodged            |    23 |    59 |   191 |   257 |    71 ||   601
Block: Buckler           |       |       |    18 |   104 |    40 ||   162
